BLB
PHILADELPHIA FREEDOM @ BALTIMORE BULLDOGS
06/19/2063
 
TOP OF THE 1ST
Philadelphia Freedom batting - Pitching for Baltimore Bulldogs : LHP B.J. Armour
Pitching: LHP B.J. Armour
Batting: RHB Abraham Koziarz 0-0: DOUBLE (Line Drive, 7LD, EV 106.9 MPH)
Batting: RHB Wellington Wingate 0-0: Ball
1-0: Called Strike
1-1: Swinging Strike
1-2: Strikes out swinging
Batting: RHB Lee Vincent 0-0: Ball
1-0: Ball
2-0: Called Strike
2-1: Swinging Strike
2-2: Foul Ball, location: 2F
2-2: Fly out, F9 (Line Drive, 9S, EV 90.0 MPH)
Batting: RHB Walter Muller 0-0: Called Strike
0-1: Ball
1-1: Called Strike
1-2: Strikes out swinging
Top of the 1st over - 0 runs, 1 hit, 0 errors, 1 left on base; Philadelphia 0 - Baltimore 0
BOTTOM OF THE 1ST
Baltimore Bulldogs batting - Pitching for Philadelphia Freedom : RHP Kyle Hooser
Pitching: RHP Kyle Hooser
Batting: RHB Joseph Olsen 0-0: Ball
1-0: Called Strike
1-1: Ball
2-1: Fly out, F5 (Popup, 5S, EV 80.6 MPH)
Batting: LHB Owen Keimig 0-0: Called Strike
0-1: Foul Ball, location: 2F
0-2: Ball
1-2: Strikes out swinging
Batting: SHB Val Schmit 0-0: Ball
1-0: Fly out, F9 (Line Drive, 89M, EV 90.6 MPH)
Bottom of the 1st over - 0 runs, 0 hits, 0 errors, 0 left on base; Philadelphia 0 - Baltimore 0
TOP OF THE 2ND
Philadelphia Freedom batting - Pitching for Baltimore Bulldogs : LHP B.J. Armour
Batting: RHB Nelson Chandler 0-0: Called Strike
0-1: Ball
1-1: Foul Ball, location: 2F
1-2: Foul Ball, location: 2F
1-2: Strikes out swinging
Batting: LHB Steven Widerman 0-0: Fly out, F8 (Flyball, 8RS, EV 73.1 MPH)
Batting: RHB Kearney Gallegos 0-0: Called Strike
0-1: Ball
1-1: Foul Ball, location: 2F
1-2: Ball
2-2: Strikes out swinging
Top of the 2nd over - 0 runs, 0 hits, 0 errors, 0 left on base; Philadelphia 0 - Baltimore 0
BOTTOM OF THE 2ND
Baltimore Bulldogs batting - Pitching for Philadelphia Freedom : RHP Kyle Hooser
Batting: LHB Andy Wulfeck 0-0: Swinging Strike
0-1: Ball
1-1: Called Strike
1-2: Foul Ball, location: 2F
1-2: Foul Ball, location: 2F
1-2: Strikes out looking
Batting: LHB Elmer Nelson 0-0: Ball
1-0: Called Strike
1-1: Foul Ball, location: 2F
1-2: Foul Ball, location: 2F
1-2: Fly out, F8 (Flyball, 8LXD, EV 80.0 MPH)
Batting: LHB Nathan Bell 0-0: Ball
1-0: Ball
2-0: DOUBLE (Flyball, 8RXD, EV 112.5 MPH)
Batting: RHB Stephen Cuff 0-0: Called Strike
0-1: Called Strike
0-2: Reached on error, E5 (Groundball, 56S, EV 86.9 MPH)
Nathan Bell scores
Batting: SHB Ulisses Schnopp 0-0: Called Strike
0-1: Ball
1-1: Ball
2-1: Foul Ball, location: 2F
2-2: Foul Ball, location: 2F
2-2: Foul Ball, location: 2F
2-2: Ball
3-2: Base on Balls
Batting: SHB Will Spero 0-0: Called Strike
0-1: Called Strike
0-2: Ball
1-2: DOUBLE (Line Drive, 89XD, EV 96.9 MPH)
Stephen Cuff scores
Ulisses Schnopp to third
Batting: RHB Joseph Olsen 0-0: Called Strike
0-1: Ball
1-1: Ground out 4-3 (Groundball, 4, EV 101.9 MPH)
Bottom of the 2nd over - 2 runs, 2 hits, 1 error, 2 left on base; Philadelphia 0 - Baltimore 2
TOP OF THE 3RD
Philadelphia Freedom batting - Pitching for Baltimore Bulldogs : LHP B.J. Armour
Batting: LHB Davion Harrod 0-0: Foul Ball, location: 2F
0-1: Called Strike
0-2: Strikes out looking
Batting: LHB Rob Morris 0-0: Ball
1-0: Ground out 4-3 (Groundball, 4, EV 86.9 MPH)
Batting: RHB Abraham Koziarz 0-0: Ball
1-0: Called Strike
1-1: DOUBLE (Line Drive, 89D, EV 111.9 MPH)
Batting: RHB Wellington Wingate 0-0: Called Strike
0-1: Swinging Strike
0-2: Fly out, F6 (Line Drive, 6, EV 66.9 MPH)
Top of the 3rd over - 0 runs, 1 hit, 0 errors, 1 left on base; Philadelphia 0 - Baltimore 2
BOTTOM OF THE 3RD
Baltimore Bulldogs batting - Pitching for Philadelphia Freedom : RHP Kyle Hooser
Batting: LHB Owen Keimig 0-0: Called Strike
0-1: SINGLE (Groundball, 34D, EV 99.4 MPH)
Batting: SHB Val Schmit 0-0: Called Strike
0-1: Fly out, F8 (Flyball, 78D, EV 108.8 MPH)
Batting: LHB Andy Wulfeck 0-0: Swinging Strike
0-1: Ball
1-1: Foul Ball, location: 2F
1-2: Ball
2-2: SINGLE (Line Drive, 9S, EV 105.6 MPH)
Owen Keimig to second
Batting: LHB Elmer Nelson 0-0: Foul Ball, location: 2F
0-1: Called Strike
0-2: Ball
1-2: Ball
2-2: Grounds into double play, 6-4-3 (Groundball, 6, EV 91.2 MPH)
Bottom of the 3rd over - 0 runs, 2 hits, 0 errors, 1 left on base; Philadelphia 0 - Baltimore 2
TOP OF THE 4TH
Philadelphia Freedom batting - Pitching for Baltimore Bulldogs : LHP B.J. Armour
Batting: RHB Lee Vincent 0-0: Fly out, F8 (Line Drive, 8LD, EV 102.5 MPH)
Batting: RHB Walter Muller 0-0: Ground out 6-3 (Groundball, 6, EV 100.6 MPH)
Batting: RHB Nelson Chandler 0-0: Called Strike
0-1: Ball
1-1: Ground out U3 (Groundball, 34S, EV 85.0 MPH)
Top of the 4th over - 0 runs, 0 hits, 0 errors, 0 left on base; Philadelphia 0 - Baltimore 2
BOTTOM OF THE 4TH
Baltimore Bulldogs batting - Pitching for Philadelphia Freedom : RHP Kyle Hooser
Batting: LHB Nathan Bell 0-0: Ball
1-0: Called Strike
1-1: Ball
2-1: Fly out, F8 (Flyball, 8LM, EV 96.2 MPH)
Batting: RHB Stephen Cuff 0-0: Ball
1-0: Fly out, F9 (Flyball, 9S, EV 93.8 MPH)
Batting: SHB Ulisses Schnopp 0-0: SINGLE (Groundball, 4MD, EV 110.6 MPH)
Batting: SHB Will Spero 0-0: Swinging Strike
0-1: Ball
1-1: Ball
2-1: Ball
3-1: Fly out, F8 (Flyball, 8LM, EV 83.1 MPH)
Bottom of the 4th over - 0 runs, 1 hit, 0 errors, 1 left on base; Philadelphia 0 - Baltimore 2
TOP OF THE 5TH
Philadelphia Freedom batting - Pitching for Baltimore Bulldogs : LHP B.J. Armour
Batting: LHB Steven Widerman 0-0: Foul Ball, location: 2F
0-1: Swinging Strike
0-2: Foul Ball, location: 2F
0-2: Foul Ball, location: 2F
0-2: Foul Ball, location: 2F
0-2: Strikes out swinging
Batting: RHB Kearney Gallegos 0-0: Ball
1-0: Swinging Strike
1-1: Ball
2-1: Called Strike
2-2: Ball
3-2: Fly out, F9 (Line Drive, 89M, EV 98.1 MPH)
Batting: LHB Davion Harrod 0-0: Foul Ball, location: 2F
0-1: Ball
1-1: Fly out, F8 (Flyball, 8LM, EV 77.5 MPH)
Top of the 5th over - 0 runs, 0 hits, 0 errors, 0 left on base; Philadelphia 0 - Baltimore 2
BOTTOM OF THE 5TH
Baltimore Bulldogs batting - Pitching for Philadelphia Freedom : RHP Kyle Hooser
Batting: RHB Joseph Olsen 0-0: SINGLE (Line Drive, 78S, EV 102.5 MPH)
Batting: LHB Owen Keimig 0-0: Ball
1-0: Called Strike
1-1: Ball
2-1: Called Strike
2-2: Strikes out swinging
Batting: SHB Val Schmit 0-0: Called Strike
0-1: Called Strike
Joseph Olsen is caught stealing 2nd base 2-6
0-2: SINGLE (Flyball, 3D, EV 83.8 MPH)
Batting: LHB Andy Wulfeck 0-0: Called Strike
0-1: Ball
1-1: Foul Ball, location: 2F
1-2: Foul Ball, location: 2F
1-2: Ball
2-2: Ball
3-2: Fly out, F6 (Popup, 6S, EV 70.6 MPH)
Bottom of the 5th over - 0 runs, 2 hits, 0 errors, 1 left on base; Philadelphia 0 - Baltimore 2
TOP OF THE 6TH
Philadelphia Freedom batting - Pitching for Baltimore Bulldogs : LHP B.J. Armour
Batting: LHB Rob Morris 0-0: Ground out 6-3 (Groundball, 56, EV 83.8 MPH)
Batting: RHB Abraham Koziarz 0-0: Ball
1-0: Ground out U3 (Groundball, 34S, EV 86.9 MPH)
Batting: RHB Wellington Wingate 0-0: Ball
1-0: SOLO HOME RUN (Flyball, 7D, EV 96.2 MPH), Distance : 367 ft
Batting: RHB Lee Vincent 0-0: Ball
1-0: Fly out, F9 (Flyball, 89D, EV 103.8 MPH)
Top of the 6th over - 1 run, 1 hit, 0 errors, 0 left on base; Philadelphia 1 - Baltimore 2
BOTTOM OF THE 6TH
Baltimore Bulldogs batting - Pitching for Philadelphia Freedom : RHP Kyle Hooser
Batting: LHB Elmer Nelson 0-0: Ball
1-0: SINGLE (Groundball, 4M, EV 106.2 MPH) (infield hit)
Batting: LHB Nathan Bell 0-0: Called Strike
0-1: Ball
1-1: Ball
2-1: Grounds into double play, 5-4-3 (Groundball, 5, EV 86.2 MPH)
Batting: RHB Stephen Cuff 0-0: Ball
1-0: Ball
2-0: Called Strike
2-1: Ground out U3 (Groundball, 3, EV 89.4 MPH)
Bottom of the 6th over - 0 runs, 1 hit, 0 errors, 0 left on base; Philadelphia 1 - Baltimore 2
TOP OF THE 7TH
Philadelphia Freedom batting - Pitching for Baltimore Bulldogs : LHP B.J. Armour
Batting: RHB Walter Muller 0-0: Swinging Strike
0-1: Called Strike
0-2: Ball
1-2: Strikes out swinging
Batting: RHB Nelson Chandler 0-0: Foul Ball, location: 2F
0-1: Called Strike
0-2: Ground out 5-3 (Groundball, 5S, EV 86.9 MPH)
Batting: LHB Steven Widerman 0-0: Ball
1-0: Swinging Strike
1-1: Ball
2-1: Swinging Strike
2-2: Strikes out swinging
Top of the 7th over - 0 runs, 0 hits, 0 errors, 0 left on base; Philadelphia 1 - Baltimore 2
BOTTOM OF THE 7TH
Baltimore Bulldogs batting - Pitching for Philadelphia Freedom : RHP Kyle Hooser
Batting: SHB Ulisses Schnopp 0-0: Ball
1-0: Fly out, F7 (Line Drive, 78D, EV 95.0 MPH)
Pitching: RHP Rich Thomas
Batting: SHB Will Spero 0-0: Fly out, F9 (Flyball, 9D, EV 100.6 MPH)
Batting: RHB Joseph Olsen 0-0: Called Strike
0-1: Ball
1-1: Foul Ball, location: 2F
1-2: Ball
2-2: SINGLE (Groundball, 6MD, EV 102.5 MPH)
Batting: LHB Owen Keimig 0-0: Ball
1-0: Called Strike
Joseph Olsen steals 2nd base
1-1: Ball
2-1: Ball
3-1: SINGLE (Groundball, 34S, EV 67.5 MPH) (infield hit)
Joseph Olsen to third
Batting: SHB Val Schmit 0-0: Swinging Strike
0-1: Ball
1-1: Ball
2-1: Foul Ball, location: 2F
2-2: Strikes out swinging
Bottom of the 7th over - 0 runs, 2 hits, 0 errors, 2 left on base; Philadelphia 1 - Baltimore 2
TOP OF THE 8TH
Philadelphia Freedom batting - Pitching for Baltimore Bulldogs : LHP B.J. Armour
Batting: RHB Kearney Gallegos 0-0: Called Strike
0-1: Ball
1-1: Ball
2-1: Ball
3-1: Foul Ball, location: 2F
3-2: SINGLE (Line Drive, 8RS, EV 89.4 MPH)
Batting: LHB Davion Harrod 0-0: Sac Bunt to 13S - play at first, batter OUT! 1-3
Kearney Gallegos to second
Batting: LHB Rob Morris 0-0: Ball
1-0: Ball
2-0: Swinging Strike
2-1: Fly out, F7 (Flyball, 78D, EV 97.5 MPH)
Batting: RHB Abraham Koziarz 0-0: Called Strike
0-1: Called Strike
0-2: Ball
1-2: SINGLE (Groundball, 56S, EV 73.8 MPH) (infield hit)
Kearney Gallegos to third
Batting: RHB Wellington Wingate 0-0: Ball
1-0: Ball
2-0: Ball
3-0: Base on Balls
Abraham Koziarz to second
Batting: RHB Lee Vincent 0-0: Foul Ball, location: 2F
0-1: Ground out 4-3 (Groundball, 4, EV 106.9 MPH)
Top of the 8th over - 0 runs, 2 hits, 0 errors, 3 left on base; Philadelphia 1 - Baltimore 2
BOTTOM OF THE 8TH
Baltimore Bulldogs batting - Pitching for Philadelphia Freedom : RHP Rich Thomas
Batting: LHB Andy Wulfeck 0-0: Foul Ball, location: 2F
0-1: Ball
1-1: Swinging Strike
1-2: Strikes out looking
Batting: LHB Elmer Nelson 0-0: Ball
1-0: Ball
2-0: Foul Ball, location: 2F
2-1: Foul Ball, location: 2F
2-2: Foul Ball, location: 2F
2-2: Ball
3-2: Foul Ball, location: 2F
3-2: Foul Ball, location: 2F
3-2: Strikes out swinging
Batting: LHB Nathan Bell 0-0: Ground out 4-3 (Groundball, 4M, EV 103.1 MPH)
Bottom of the 8th over - 0 runs, 0 hits, 0 errors, 0 left on base; Philadelphia 1 - Baltimore 2
TOP OF THE 9TH
Philadelphia Freedom batting - Pitching for Baltimore Bulldogs : LHP B.J. Armour
Pitching: LHP Levi Backman
Now at 1B: Billy Ojala
Now at 2B: Will Spero
Now at 3B: Reilly Wren
Batting: RHB Walter Muller 0-0: Called Strike
0-1: Swinging Strike
0-2: Ball
1-2: Strikes out swinging
Batting: RHB Nelson Chandler 0-0: Called Strike
0-1: Foul Ball, location: 2F
0-2: Strikes out swinging
Batting: LHB Steven Widerman 0-0: Ball
1-0: Ball
2-0: Ball
3-0: Called Strike
3-1: Foul Ball, location: 2F
3-2: Fly out, F9 (Flyball, 9S, EV 95.6 MPH)
Top of the 9th over - 0 runs, 0 hits, 0 errors, 0 left on base; Philadelphia 1 - Baltimore 2
Monday, November 18th , 2024 - OOTP Baseball 23.10 Build 110